 Dungeon Crawl Stone Soup version 0.30.1-4-g462c640d31 (webtiles) character file.

Game seed: 7667971925520322399

183634 Glaurung the Warrior (level 17, -2/149 HPs)
             Began as a Minotaur Berserker on Sept 6, 2023.
             Was a High Priest of Trog.
             Killed from afar by a deep elf sorcerer (28 damage)
             ... with damnation
             ... on level 3 of the Elven Halls on Sept 10, 2023.
             The game lasted 03:03:40 (32628 turns).

Glaurung the Warrior (Minotaur Berserker)          Turns: 32628, Time: 03:03:41

Health: -2/149     AC: 16    Str: 30    XL:     17   Next: 75%
Magic:  16/16      EV: 17    Int:  4    God:    Trog [*****.]
Gold:   1807       SH: 23    Dex: 23    Spells: 16/16 levels left

rFire   . . .        n - +4 eveningstar (heavy)
rCold   + . .        o - +2 kite shield
rNeg    . . .        M - +4 chain mail "Renkelut" {rC+ Dex+5}
rPois   .            (helmet restricted)
rElec   .            k - scarf {repulsion}
rCorr   .            a - +2 pair of gloves
SInv    .            p - +2 pair of boots "Sopepagg" {Regen+}
Will    +++..        q - amulet of Sin {Reflect Slay+2 SH+5}
Stlth   +            d - ring of flight
HPRegen 2.24/turn    f - +6 ring of dexterity
MPRegen 0.15/turn

%: repel missiles, reflection, clarity
@: strong-willed, corroded, flying, regenerating, slowed, studying Throwing,
very slow
A: horns 2, retaliatory headbutt, thin skeletal structure 1, clarity, deformed
body, frail 1
a: Renounce Religion, Berserk, Trog's Hand, Brothers in Arms


You were on level 3 of the Elven Halls.
You worshipped Trog.
Trog was extremely pleased with you.
You visited 4 branches of the dungeon, and saw 25 of its levels.
You visited the Abyss 2 times.

You collected 3679 gold pieces.
You spent 1872 gold pieces at shops.

Inventory:

Hand Weapons
 n - a +4 heavy eveningstar (weapon)
 t - the +7 mace "Fowyurileyl" {heavy, rCorr Str+3}
   (You found it on level 4 of the Dungeon)

   Str:       It affects your strength (+3).
   rCorr:     It protects you from acid and corrosion.
 A - the +5 hand axe of Gianwaqu {distort, rElec}
   (You bought it in a shop on level 2 of the Orcish Mines)

   rElec:     It insulates you from electricity.
 N - a +7 flail of freezing
 U - a +4 war axe of flaming
Missiles
 c - 26 javelins
 Q - a throwing net
 X - 3 silver javelins
Armour
 a - a +2 pair of gloves (worn)
 k - a scarf of repulsion (worn)
 o - a +2 kite shield (worn)
 p - the +2 pair of boots "Sopepagg" (worn) {Regen+}
   (You acquired it on level 15 of the Dungeon)

   Regen:     It increases your rate of health regeneration.
 u - a +0 pair of boots of flying
 G - a +2 chain mail of willpower
 J - +0 storm dragon scales
 M - the +4 chain mail "Renkelut" (worn) {rC+ Dex+5}
   (You took it off an orc warrior on level 8 of the Dungeon)

   Dex:       It affects your dexterity (+5).
   rC:        It protects you from cold.
Jewellery
 d - a ring of flight (left hand)
 f - a +6 ring of dexterity (right hand)
 j - a ring of protection from fire
 q - the amulet of Sin (around neck) {Reflect Slay+2 SH+5}
   (You found it on level 14 of the Dungeon)

   [amulet of reflection]

   It reflects blocked missile attacks.
   Slay:      It affects your accuracy & damage with ranged weapons and melee
   (+2).
   SH:        It affects your SH (+5).
 y - the amulet of Vitality {RegenMP++ Regen++}
   (You found it on level 7 of the Dungeon)

   [amulet of magic regeneration]

   It increases your rate of magic regeneration.
   Regen:     It increases your rate of health regeneration.
 W - a ring of ice
Wands
 l - a wand of flame (37)
 B - a wand of iceblast (8)
 P - a wand of digging (13)
 Y - a wand of mindburst (8)
Scrolls
 e - 10 scrolls of teleportation
 s - 2 scrolls of silence {unknown}
 F - a scroll of immolation
 K - 2 scrolls of enchant armour
 L - 6 scrolls of fear
 O - 5 scrolls of enchant weapon {unknown}
 R - a scroll of blinking (quivered)
 S - 2 scrolls of fog
 T - 2 scrolls of poison
 Z - 3 scrolls of magic mapping
Potions
 b - 2 potions of magic {unknown}
 g - 7 potions of attraction
 h - 4 potions of berserk rage
 m - 5 potions of lignification
 r - a potion of resistance
 v - 2 potions of haste
 w - 3 potions of flight
 x - 2 potions of might
 z - 3 potions of mutation
 C - 2 potions of cancellation {unknown}
 D - 2 potions of invisibility {unknown}
 H - 3 potions of ambrosia
 I - 8 potions of curing
 V - 2 potions of heal wounds
Miscellaneous
 i - a tin of tremorstones (2/2)
 E - a phial of floods


   Skills:
 + Level 18.8 Fighting
 - Level 15.1(17.6) Axes
 + Level 14.9(17.5) Maces & Flails
 + Level 11.0 Throwing
 - Level 15.0 Armour
 + Level 10.9 Dodging
 - Level 1.0 Stealth
 - Level 16.4 Shields
 - Level 0.6 Unarmed Combat
 + Level 7.1 Evocations


You had 16 spell levels left.
You didn't know any spells.
Your spell library was empty.

Dungeon Overview and Level Annotations

Branches:
Dungeon (15/15)            Temple (0/1) D:6            Lair (5/5) D:11
 Shoals (0/4) Lair:3        Snake (0/4) Lair:3        Slime (0/5) Lair:4
    Orc (2/2) D:12            Elf (3/3) Orc:2        Vaults (0/5) D:13
 Depths (0/4) D:15

Altars:
Ashenzari
Cheibriados
Dithmenos
Hepliaklqana
Makhleb
Qazlal
Trog
The Shining One
Jiyva
Lugonu

Shops:
D:7 :   D:8 !   D:10 :   D:12 (   Orc:2 **((   Elf:1 ?   Elf:2 !

Portals:
Abyss: Lair:5
Trove: D:15 (give +4 ice dragon scales)


Innate Abilities, Weirdness & Mutations

You have a pair of horns on your head.
You reflexively headbutt those who attack you in melee.
You have a somewhat thin skeletal structure. (Dex +2, Stealth+)
You possess an exceptional clarity of mind.
Armour fits poorly on your strangely shaped body.
You are frail. (-10% HP)


Message History

You feel sick.
The deep elf annihilator casts a spell.
The deep elf annihilator blinks!
A deep elf high priest comes into view.
It is wielding a +0 glaive and wearing the +0 chain mail of the Spheres {Int+3}.
A deep elf sorcerer comes into view.
It is wielding the +5 great sword of the Bruised Bones {freeze, rC++}.
The deep elf sorcerer mumbles some strange words.
The deep elf sorcerer shimmers violently.
The deep elf sorcerer casts a spell.
The deep elf sorcerer seems to speed up.
Your troll goes berserk!
You feel sick.
The deep elf high priest shouts!
You block the deep elf sorcerer's attack.
The deep elf high priest prays to its god.
The deep elf high priest begins emitting a brilliant aura!
The deep elf sorcerer is empowered by the deep elf high priest's aura!
The deep elf annihilator is empowered by the deep elf high priest's aura!
The deep elf sorcerer is empowered by the deep elf high priest's aura!
The deep elf sorcerer casts a spell.
The deep elf sorcerer seems to speed up.
The deep elf sorcerer points at you and mumbles some strange words.
The bolt of acid hits you!!!
* * * LOW HITPOINT WARNING * * *
You hear a shout!
Blink to where?
Press: ? - help, Dir - move target
Okay, then.
You feel sick.
The deep elf sorcerer points at you and mumbles some strange words.
The bolt of acid hits you!
* * * LOW HITPOINT WARNING * * *
The acid corrodes you!
Your troll closely misses the deep elf sorcerer. x2
Your troll claws the deep elf sorcerer!
Your troll rages.
You feel sick.
You are no longer poisoned.
The deep elf sorcerer casts a spell at you.
The sphere of damnation explodes!
The damnation engulfs you!!
You die...

#++# #...........#.
#..# ######'####...
#..# #.# #... #..#
####.# #...
#..#####..#.####.^.
#.....##.......'... ##
#.......[..#.##....
#.##..................
#.)..@....)....#......
#.[...#.#.)......#....
#)Te..#.##....#####...
#..#..######### ###.
#.e#.## #. #..### ##
#e.# # #..# ########
.e.. #....)..


You could see 2 deep elf sorcerers and a friendly troll (summoned, berserk).

Vanquished Creatures
  2 liches (Abyss:3)
  A deep elf blademaster (Elf:3)
  2 deep elf master archers (Elf:3)
  Kirke (Lair:4)
  2 tentacled starspawn (Abyss:3)
  An emperor scorpion (D:15)
  Roxanne (Elf:2)
  2 deep elf sorcerers
  An orc warlord (Orc:2)
  3 deep elf elementalists (Elf:3)
  A putrid mouth (Abyss:4)
  A dire elephant (D:15)
  A deep elf demonologist (Elf:3)
  5 deep elf annihilators (Elf:3)
  The ghost of Lakkat the Eclecticist, a journeyman DECj of Sif Muna (Orc:1)
  A deep elf death mage (Elf:1)
  A deep elf high priest (Elf:3)
  Josephine (D:11)
  A fire dragon (D:15)
  Fannar (D:10)
  8 hydras
  The ghost of jaiteiro the Geomancer, a novice NaEE of Cheibriados (D:8)
  A two-headed ogre (D:9)
  3 catoblepae
  6 centaur warriors
  28 dancing weapons
  Erica (Lair:2)
  5 boulder beetles
  5 thrashing horrors
  16 death yaks
  6 orc high priests
  Urug (Lair:2)
  Sonja (Lair:2)
  Nergalle (D:11)
  14 deep elf knights
  A fire crab (Lair:4)
  A sixfirhy (Abyss:3)
  A spatial maelstrom (Abyss:3)
  2 wretched stars (Abyss:3)
  2 deep trolls (D:7)
  25 deep elf zephyrmancers
  13 deep elf archers
  2 wizards (Elf:1)
  A harpy (shapeshifter) (Lair:5)
  A wolf spider (Lair:5)
  22 deep elf pyromancers
  5 orc knights (Orc:2)
  14 ugly things
  A mana viper (shapeshifter) (Lair:5)
  An oklob plant (D:11)
  2 cyclopes (D:11)
  4 manticores
  3 merfolk sirens (Lair:3)
  A naga mage (D:15)
  Maurice (D:11)
  15 elephants
  10 black mambas
  14 cane toads
  3 smoke demons (Lair:5)
  A gargoyle (D:13)
  11 komodo dragons
  A kobold demonologist (D:9)
  3 rime drakes
  4 ancient zymes
  2 trolls (D:11)
  A hydra zombie (Abyss:3)
  A merfolk (Lair:3)
  4 polar bears
  A troll (shapeshifter) (Elf:1)
  2 dream sheep (shapeshifter)
  12 dream sheep
  A raiju (Abyss:3)
  20 blink frogs
  Grinder (D:6)
  13 slime creatures
  A vampire (D:11)
  A spriggan (Lair:5)
  3 air elementals (Elf:1)
  A shadow (D:11)
  34 yaks
  A ynoxinul (Abyss:3)
  Sigmund (D:2)
  A yak (shapeshifter) (D:14)
  3 fire elementals
  A water elemental (Elf:3)
  5 wyverns
  3 hogs (Lair:4)
  5 wraiths (D:11)
  A redback (shapeshifter) (Elf:1)
  4 steam dragons
  A neqoxec (Abyss:3)
  12 vampire mosquitoes
  6 basilisks
  2 chaos spawn (Lair:5)
  6 wargs
  4 acid dragons
  3 nagas (Lair:3)
  4 large abominations
  A spatial vortex (Abyss:3)
  19 water moccasins
  37 orc warriors
  2 sky beasts
  3 black bears
  5 ogres
  8 small abominations (Lair:5)
  5 wolves
  A boggart (Elf:1)
  3 ice beasts
  17 centaurs
  2 phantoms
  2 kobold brigands
  Blork the orc (D:6)
  3 gnoll sergeants
  15 bullfrogs
  6 necrophages (Lair:2)
  An earth elemental (Elf:2)
  4 scorpions
  4 wights (D:9)
  16 killer bees
  4 howler monkeys
  3 electric eels
  4 jellies (Lair:4)
  Crazy Yiuf (D:5)
  3 hounds
  A gnoll bouda (D:10)
  27 orc priests
  5 iguanas
  3 sleepcaps
  26 orc wizards
  2 centaur simulacra
  Robin (D:2)
  17 gnolls
  8 adders
  A shadow imp (D:6)
  4 white imps (D:10)
  A howler monkey simulacrum (D:10)
  2 dart slugs
  96 orcs
  5 ball pythons
  6 bats
  7 endoplasms
  6 giant cockroaches
  15 goblins
  12 hobgoblins
  3 quokkas
  4 frilled lizards
  15 kobolds
  14 rats
904 creatures vanquished.

Vanquished Creatures (collateral kills)
  A frost giant (D:13)
  5 deep elf sorcerers (Elf:3)
  A deep elf elementalist (Elf:3)
  A deep elf demonologist (Elf:3)
  A lindwurm (D:13)
  A necromancer (D:13)
  A cyclops (D:13)
  2 orcs (D:8)
13 creatures vanquished.

Vanquished Creatures (others)
  A deep elf elementalist (Elf:3)
  A deep elf knight (Elf:2)
  2 deep elf pyromancers
  An orc warrior (Elf:2)
  An orc wizard (Orc:1)
  6 starspawn tentacles (Abyss:3)
12 creatures vanquished.

Grand Total: 929 creatures vanquished

Notes
Turn   | Place    | Note
-------+----------+-------------------------------------------
     0 | D:1      | Glaurung the Minotaur Berserker began the quest for the
                  | Orb.
     0 | D:1      | Reached XP level 1. HP: 19/19 MP: 0/0
   163 | D:1      | Reached XP level 2. HP: 17/27 MP: 1/1
   414 | D:1      | Reached skill level 4 in Fighting
   729 | D:2      | Reached ** piety under Trog
   791 | D:2      | Reached XP level 3. HP: 33/33 MP: 2/2
   919 | D:2      | Noticed Robin
   936 | D:2      | Killed Robin
  1056 | D:2      | Noticed Sigmund
  1067 | D:2      | Killed Sigmund
  1068 | D:2      | Reached skill level 5 in Axes
  1068 | D:2      | Reached XP level 4. HP: 28/41 MP: 3/3
  1068 | D:2      | Reached XP level 5. HP: 32/47 MP: 4/4
  1128 | D:2      | Found a faded altar of an unknown god.
  2060 | D:3      | Reached skill level 5 in Fighting
  2178 | D:3      | Reached XP level 6. HP: 56/56 MP: 5/5
  2799 | D:4      | Identified the +7 mace "Fowyurileyl" {heavy, rCorr Str+3}
  2846 | D:4      | Reached *** piety under Trog
  3029 | D:4      | Reached skill level 5 in Armour
  3029 | D:4      | Reached XP level 7. HP: 55/62 MP: 6/6
  3367 | D:4      | Found a glowing golden altar of the Shining One.
  3396 | D:5      | Entered Level 5 of the Dungeon
  3522 | D:5      | Reached skill level 6 in Fighting
  3596 | D:5      | Reached skill level 5 in Dodging
  4070 | D:5      | Found a runed translucent door.
  4071 | D:5      | Noticed Crazy Yiuf
  4076 | D:5      | Killed Crazy Yiuf
  4472 | D:5      | Reached XP level 8. HP: 64/71 MP: 7/7
  4531 | D:6      | Found a staircase to the Ecumenical Temple.
  4594 | D:6      | Reached skill level 7 in Fighting
  4603 | D:6      | Noticed Blork the orc
  4614 | D:6      | Killed Blork the orc
  4741 | D:6      | Found a bloodstained altar of Trog.
  4742 | D:6      | Found a shadowy altar of Dithmenos.
  4744 | D:6      | Found a hazy altar of Hepliaklqana.
  4766 | D:6      | Reached **** piety under Trog
  4766 | D:6      | Noticed Grinder
  4776 | D:6      | Killed Grinder
  4891 | D:6      | Reached XP level 9. HP: 34/81 MP: 8/8
  5169 | D:6      | Reached skill level 8 in Fighting
  5601 | D:7      | Noticed a deep troll
  5601 | D:7      | Noticed a deep troll
  5625 | D:7      | Killed a deep troll
  5630 | D:7      | Killed a deep troll
  5820 | D:7      | Found a snail-covered altar of Cheibriados.
  5827 | D:7      | Reached skill level 9 in Fighting
  6473 | D:7      | Found Kiubbahi's Tremendous Tomes.
  6603 | D:7      | Found the amulet of Vitality {RegenMP++ Regen++}
  6855 | D:8      | Reached XP level 10. HP: 71/91 MP: 9/9
  6869 | D:8      | Found Cegresi's Distillery.
  6876 | D:8      | Bought a potion of mutation for 112 gold pieces
  6876 | D:8      | Bought a potion of heal wounds for 70 gold pieces
  6972 | D:8      | Found a runed translucent gate.
  6972 | D:8      | Noticed jaiteiro's ghost (novice NaEE)
  6973 | D:8      | Found a runed translucent gate.
  6973 | D:8      | Found a runed translucent gate.
  6975 | D:8      | Identified the +4 chain mail "Renkelut" {rC+ Dex+5}
  7335 | D:8      | Identified the +6 sling "Epiytz" {freeze, rElec MP+9 Dex+4}
  7599 | D:8      | Gained mutation: You are frail. (-10% HP) [potion of
                  | mutation]
  7599 | D:8      | Gained mutation: You are weak. (Str -2) [potion of
                  | mutation]
  7599 | D:8      | Gained mutation: Your mind is acute. (Int +4, Str/Dex -1)
                  | [potion of mutation]
  7600 | D:8      | Lost mutation: You are frail. (-10% HP) [potion of
                  | mutation]
  7600 | D:8      | Lost mutation: Your mind is acute. (Int +4, Str/Dex -1)
                  | [potion of mutation]
  7601 | D:8      | Lost mutation: You are weak. (Str -2) [potion of mutation]
  7601 | D:8      | Gained mutation: Armour fits poorly on your strangely
                  | shaped body. [potion of mutation]
  7601 | D:8      | Gained mutation: You possess an exceptional clarity of
                  | mind. [potion of mutation]
  7601 | D:8      | Gained mutation: You have a somewhat thin skeletal
                  | structure. (Dex +2, Stealth+) [potion of mutation]
  7962 | D:9      | Reached skill level 10 in Fighting
  7962 | D:9      | Reached skill level 10 in Axes
  8318 | D:9      | Noticed a two-headed ogre
  8325 | D:9      | Killed a two-headed ogre
  8326 | D:9      | Reached skill level 10 in Armour
  8770 | D:10     | Entered Level 10 of the Dungeon
  9345 | D:10     | Found Kesicish's Book Shoppe.
  9442 | D:10     | Reached XP level 11. HP: 67/101 MP: 10/10
  9632 | D:10     | Noticed Fannar
  9656 | D:10     | Killed Fannar
  9657 | D:10     | Reached skill level 11 in Fighting
 10061 | D:11     | Noticed a centaur warrior
 10066 | D:11     | Killed a centaur warrior
 10066 | D:11     | Reached ***** piety under Trog
 10067 | D:11     | Reached skill level 1 in Shields
 10113 | D:11     | Noticed Maurice
 10153 | D:11     | Killed Maurice
 10297 | D:11     | Found a staircase to the Lair.
 10300 | D:11     | Noticed an oklob plant
 10446 | D:11     | Noticed a boulder beetle
 10505 | D:11     | Killed a boulder beetle
 10547 | D:11     | Noticed Josephine
 10558 | D:11     | Noticed Nergalle
 10562 | D:11     | Killed Josephine
 10590 | D:11     | Killed Nergalle
 10591 | D:11     | Reached skill level 12 in Fighting
 10679 | D:11     | Found a stormy altar of Qazlal.
 11001 | D:11     | Killed an oklob plant
 11081 | D:12     | Noticed a brown ugly thing
 11102 | D:11     | Killed a brown ugly thing
 11103 | D:11     | Reached skill level 5 in Shields
 11158 | D:12     | Noticed a green ugly thing
 11166 | D:11     | Killed a green ugly thing
 11169 | D:11     | Reached XP level 12. HP: 80/112 MP: 11/11
 11657 | D:12     | Found a broken altar of Ashenzari.
 11699 | D:12     | Found a staircase to the Orcish Mines.
 11699 | D:12     | Found Cofap's Weapon Shoppe.
 12159 | D:13     | Noticed a centaur warrior
 12169 | D:13     | Killed a centaur warrior
 12257 | D:13     | Noticed a centaur warrior
 12301 | D:13     | Noticed a boulder beetle
 12321 | D:13     | Killed a boulder beetle
 12653 | D:13     | Noticed a catoblepas
 12681 | D:13     | Killed a catoblepas
 12682 | D:13     | Reached skill level 13 in Fighting
 12854 | D:13     | Noticed a frost giant
 12865 | D:13     | HP: 4/115 [frost giant/bolt of cold (53)]
 13241 | D:13     | Killed a frost giant
 13599 | D:13     | Found a gate to the Vaults.
 13908 | D:13     | Killed a centaur warrior
 14385 | D:14     | Identified the +4 trident "Killer Klown's Curse" {chaos,
                  | rElec Int+4}
 14569 | D:14     | Noticed a centaur warrior
 14576 | D:14     | Killed a centaur warrior
 14613 | D:14     | Noticed a six-headed hydra
 14619 | D:14     | Killed a six-headed hydra
 14620 | D:14     | Reached XP level 13. HP: 69/123 MP: 12/12
 15204 | D:14     | Identified the amulet of Sin {Reflect Slay+2 SH+5}
 15262 | D:14     | Found a glowing golden altar of the Shining One.
 15432 | D:15     | Entered Level 15 of the Dungeon
 15435 | D:15     | Identified 2 scrolls of acquirement
 15435 | D:15     | Acquired 700 gold pieces
 15441 | D:15     | Acquired the +2 pair of boots "Sopepagg" {Regen+}
 15555 | D:15     | Reached skill level 14 in Fighting
 16098 | D:15     | Found a portal to a secret trove of treasure.
 16283 | D:15     | Noticed an emperor scorpion
 16283 | D:15     | Noticed a dire elephant
 16303 | D:15     | Killed an emperor scorpion
 16318 | D:15     | Killed a dire elephant
 16324 | D:15     | Found a staircase to the Depths.
 16448 | D:15     | Noticed a fire dragon
 16548 | D:15     | Killed a fire dragon
 16918 | Lair:1   | Entered Level 1 of the Lair of Beasts
 16969 | Lair:1   | Reached skill level 10 in Shields
 18332 | Lair:2   | Identified the +1 robe of the Dice {Harm rC+ Str-3}
 18461 | Lair:2   | Noticed Sonja
 18476 | Lair:2   | Killed Sonja
 18515 | Lair:2   | Reached skill level 15 in Axes
 18649 | Lair:2   | Reached skill level 15 in Fighting
 18652 | Lair:2   | Noticed Erica
 18668 | Lair:2   | Killed Erica
 18948 | Lair:2   | Noticed Urug
 18979 | Lair:2   | Killed Urug
 18980 | Lair:2   | Reached XP level 14. HP: 111/135 MP: 13/13
 19209 | Lair:3   | Reached skill level 15 in Armour
 19225 | Lair:3   | Reached skill level 1 in Maces & Flails
 19380 | Lair:3   | Found a staircase to the Shoals.
 19516 | Lair:3   | Found a staircase to the Snake Pit.
 20148 | Lair:3   | Reached skill level 5 in Maces & Flails
 21485 | Lair:4   | Noticed Kirke
 21762 | Lair:4   | Killed Kirke
 21762 | Lair:4   | Received a gift from Trog
 21870 | Lair:4   | Found a viscous altar of Jiyva.
 21881 | Lair:4   | Found a staircase to the Slime Pits.
 22142 | Lair:4   | Reached skill level 16 in Fighting
 22142 | Lair:4   | Reached skill level 10 in Dodging
 22696 | Lair:5   | Entered Level 5 of the Lair of Beasts
 22849 | Lair:5   | Reached XP level 15. HP: 131/144 MP: 14/14
 23036 | Lair:5   | Reached skill level 10 in Maces & Flails
 23252 | Lair:5   | Received a gift from Trog
 23305 | Lair:5   | Reached skill level 1 in Stealth
 23629 | Lair:5   | Found a corrupted altar of Lugonu.
 23629 | Lair:5   | Found a one-way gate to the infinite horrors of the Abyss.
 25057 | D:10     | Bought a manual of Throwing for 960 gold pieces
 25294 | D:8      | Killed jaiteiro's ghost
 25481 | Orc:1    | Entered Level 1 of the Orcish Mines
 25525 | Orc:1    | Reached skill level 1 in Throwing
 25528 | Orc:1    | Found a burning altar of Makhleb.
 25594 | Orc:1    | Reached skill level 1 in Evocations
 25605 | Orc:1    | Found a runed translucent door.
 25606 | Orc:1    | Noticed Lakkat's ghost (journeyman DECj)
 25981 | Orc:1    | Killed Lakkat's ghost
 26029 | Orc:2    | Entered Level 2 of the Orcish Mines
 26044 | Orc:2    | Received a gift from Trog
 26881 | Orc:2    | Found a staircase to the Elven Halls.
 26957 | Orc:2    | Received a gift from Trog
 26962 | Orc:2    | Reached skill level 17 in Fighting
 27332 | Orc:2    | Reached XP level 16. HP: 155/155 MP: 15/15
 27354 | Orc:2    | Found Warhaip's Weapon Emporium.
 27355 | Orc:2    | Found Uzecy's Assorted Antiques.
 27355 | Orc:2    | Found Soezecwikh's Assorted Antiques.
 27356 | Orc:2    | Found Siuh's Antique Weapon Emporium.
 27371 | Orc:2    | Bought a warped hand axe for 240 gold pieces
 27371 | Orc:2    | Identified the +5 hand axe of Gianwaqu {distort, rElec}
                  | (You bought it in a shop on level 2 of the Orcish Mines)
 27487 | Orc:2    | Bought a potion of heal wounds for 155 gold pieces
 27554 | Elf:1    | Entered Level 1 of the Elven Halls
 27629 | Elf:1    | Found Huqeh's Magic Scroll Boutique.
 27659 | Elf:1    | Bought a scroll of identify for 26 gold pieces
 27874 | Elf:1    | Reached skill level 15 in Shields
 28132 | Elf:1    | Reached skill level 5 in Throwing
 28136 | Elf:1    | Received a gift from Trog
 28136 | Abyss:3  | Cast into level 3 of the Abyss (a deep elf sorcerer)
 28173 | Abyss:3  | Noticed a lich
 28185 | Abyss:3  | Killed a lich
 28262 | Abyss:3  | Noticed a lich
 28273 | Abyss:3  | Killed a lich
 28322 | Abyss:3  | Gained mutation: You are frail. (-10% HP) [a neqoxec]
 28330 | Abyss:3  | Noticed a tentacled starspawn
 28342 | Abyss:3  | Killed a tentacled starspawn
 28465 | Abyss:3  | Noticed a tentacled starspawn
 28476 | Abyss:3  | Killed a tentacled starspawn
 28491 | Elf:1    | Escaped the Abyss
 29207 | Elf:1    | Bought a scroll of teleportation for 39 gold pieces
 29288 | Elf:2    | Paralysed by an air elemental for 1 turns
 29291 | Elf:2    | Paralysed by an air elemental for 1 turns
 29339 | Elf:2    | Identified Roxanne's Anthology of Mud
 29339 | Elf:2    | Noticed Roxanne
 29420 | Elf:2    | Reached skill level 5 in Evocations
 29670 | Elf:2    | Received a gift from Trog
 29671 | Elf:2    | Reached skill level 18 in Fighting
 29846 | Elf:2    | Found a runed translucent gate.
 29846 | Elf:2    | Found a runed translucent gate.
 29846 | Elf:2    | Found a runed translucent gate.
 29964 | Elf:2    | Reached XP level 17. HP: 146/146 MP: 16/16
 30835 | Elf:2    | Received a gift from Trog
 30843 | Elf:2    | Found a transporter.
 30845 | Elf:2    | Found Luggenniu's Distillery.
 31140 | Elf:2    | Found a transporter.
 31256 | Elf:2    | Bought a potion of might for 40 gold pieces
 31288 | Elf:2    | Bought 2 potions of heal wounds for 100 gold pieces
 31288 | Elf:2    | Bought a potion of haste for 100 gold pieces
 31288 | Elf:2    | Bought a potion of curing for 30 gold pieces
 31389 | Elf:2    | Killed Roxanne
 31437 | Elf:3    | Entered Level 3 of the Elven Halls
 31800 | Elf:3    | Reached skill level 10 in Throwing
 32377 | Elf:3    | Noticed a deep elf master archer
 32423 | Elf:3    | Killed a deep elf master archer
 32547 | Elf:3    | Noticed a deep elf master archer
 32549 | Elf:3    | Noticed a deep elf blademaster
 32557 | Elf:3    | Killed a deep elf blademaster
 32558 | Elf:3    | Killed a deep elf master archer
 32577 | Elf:3    | Identified the +15 plate armour of Leapfrog {rPois}
 32601 | Elf:3    | Identified the ring of Onul {Fly rN+ MP+9}
 32604 | Abyss:4  | Cast into level 4 of the Abyss (a deep elf sorcerer)
 32624 | Elf:3    | Escaped the Abyss
 32625 | Elf:3    | Identified the +0 chain mail of the Spheres {Int+3}
 32625 | Elf:3    | Identified the +5 great sword of the Bruised Bones {freeze,
                  | rC++}
 32628 | Elf:3    | Killed from afar by a deep elf sorcerer

Illustrated notes

Levels and vault maps discovered:
D:1:      psy_arrival_spokes, layout_basic, due_unseen_surprise
D:2:      layout_loops_corners, ebering_ecumenical_altar_petrified,
          dreamdust_princess_bridge, minmay_heptomino_w4, uniq_robin,
          uniq_sigmund
D:3:      layout_basic, roderic_serpentine_path, wad_floor_pattern_untrapped,
          minmay_misc_feat_plants
D:4:      layout_rooms, mainiacjoe_overflow_alcove_2, minmay_starry_boxes
D:5:      layout_gridville, portal_sewer_entry_e, uniq_crazy_yiuf_cottage
D:6:      layout_basic, minitemple, minmay_temple_entry_stoned_glass,
          uniq_grinder, uniq_blork_the_orc
D:7:      layout_basic, mainiacjoe_overflow_tiny_flanked,
          nicolae_shop_i_like_big_books,
          hellmonk_guarded_unrand_vitality_bloodlust
D:8:      layout_loops_ring, serial_shops, shop, biasface_ghost_orc_armoury,
          minmay_strange_pillars, kennysheep_flooded_box
D:9:      layout_loops_ring
D:10:     layout_long_grid, serial_ice, serial_ice_n, serial_ice_c,
          serial_ice_a, serial_ice_j, minmay_shop_grid_forest, uniq_fannar
D:11:     layout_loops_ring, dpeg_oklobed_lair,
          nicolae_qazlal_style_of_elements, uniq_nergalle, uniq_josephine,
          uniq_maurice
D:12:     layout_cross, orc_david_3, ashenzari_altar_1
D:13:     layout_irregular_city, david_vaults_4, kennysheep_island_fort
D:14:     nicolae_whirlpool, layout_gridville, nicolae_tso_carved_into_rock
D:15:     hangedman_depths_entry_try_elsewhere_first, layout_gridville,
          nicolae_trove_entry_crystal, portal_ice_cave_entry_pillars_three
Lair:1:   layout_concentric_octagons
Lair:2:   layout_regular_city, chequers_serial_rivers_small_3, minivault_24,
          roderic_carrion_pond, grunt_megastairs_5, uniq_erica, uniq_sonja,
          uniq_urug
Lair:3:   layout_gridlike, elwin_shoals_entry_stream,
          nicolae_snake_entry_squirm, infiniplex_staircase_pool_2,
          serial_bayou_shore_b
Lair:4:   nzn_winding_woodlands_huge [nzn_winding_woodlands_5x15_lazy_stream,
          nzn_winding_woodlands_5x15_concentric,
          nzn_winding_woodlands_5x15_sawtooth,
          nzn_winding_woodlands_5x15_parted, nzn_winding_woodlands_5x15_pool,
          nzn_winding_woodlands_5x15_eye, nzn_winding_woodlands_5x15_zeroes,
          nzn_winding_woodlands_5x15_crooked,
          nzn_winding_woodlands_5x15_longhouse,
          nzn_winding_woodlands_5x15_garden,
          nzn_winding_woodlands_center_garden,
          nzn_winding_woodlands_center_diamonds,
          nzn_winding_woodlands_15x15_thick_spiral], layout_regular_city,
          minmay_slime_entry_pillars, uniq_kirke
Lair:5:   hellmonk_lair_end_abyssal_woods, layout_cave_pods, minivault_24,
          st_stairs_13, grunt_megastairs_4
Orc:1:    layout_diamond_mine, gammafunk_ghost_grave, bloody_makhleb
Orc:2:    st_orc_pillars, layout_diamond_mine, mines2_david
Elf:1:    nicolae_elf_arrival_aired_out, layout_gridlike, serial_shops,
          nicolae_shop_window_shopping, hangedman_elf_disciples
Elf:2:    nicolae_elf_blades_splatter_lattice [infiniplex_blade_entry_pillars],
          layout_gridlike, serial_shops, nicolae_shop_drivethru, uniq_roxanne
Elf:3:    minmay_elf_hall_x, layout_gridlike, nicolae_elf_v_pinch

Skill      XL: |  1  2  3  4  5  6  7  8  9 10 11 12 13 14 15 16 17 |
---------------+----------------------------------------------------+-----
Axes           | 4 5 6 7 9 10 12 13 15 | 15.1
Fighting       | 4 5 6 7 9 10 12 13 15 16 17 18 | 18.8
Armour         | 3 4 5 6 7 9 10 12 13 14 15 | 15.0
Dodging        | 3 4 5 6 8 9 10 | 10.9
Shields        | 5 8 10 12 14 16 | 16.4
Maces & Flails | 9 12 13 14 | 14.9
Stealth        | 1 |  1.0
Throwing       | 3 8 11 | 11.0
Evocations     | 2 5 7 |  7.1
Unarmed Combat | |  0.6

Action                     |  1- 3 |  4- 6 |  7- 9 | 10-12 | 13-15 | 16-18 || total
---------------------------+-------+-------+-------+-------+-------+-------++-------
  Melee: Hand axe          |    88 |    34 |       |       |       |       ||   122
         Headbutt          |     8 |    12 |    36 |   200 |   325 |    85 ||   666
         Punch             |     1 |       |       |       |       |       ||     1
         War axe           |       |    53 |    56 |       |       |       ||   109
         Mace              |       |       |   146 |   643 |       |       ||   789
         Flail             |       |       |       |    55 |  1090 |       ||  1145
         Unarmed           |       |       |       |       |     3 |       ||     3
         Eveningstar       |       |       |       |       |   127 |   385 ||   512
  Throw: Boomerang         |       |       |       |     3 |       |       ||     3
         Javelin           |       |       |       |       |     3 |       ||     3
         Dart              |       |       |       |       |     2 |       ||     2
 Invoke: Trog's Hand       |     2 |     1 |     3 |    14 |    21 |    12 ||    53
         Berserk           |     1 |       |     2 |     7 |     7 |     1 ||    18
         Brothers in Arms  |       |       |       |     3 |     1 |     4 ||     8
  Evoke: Wand              |       |       |     4 |     7 |       |       ||    11
         Phial of floods   |       |       |       |       |     1 |       ||     1
    Use: Scroll            |       |     4 |     3 |     4 |    10 |     5 ||    26
         Potion            |       |       |       |     6 |     2 |     6 ||    14
   Stab: Sleeping          |     2 |       |       |       |       |       ||     2
         Petrified         |       |       |       |       |     2 |       ||     2
 Armour: Animal skin       |    11 |       |       |       |       |       ||    11
         Leather armour    |     3 |       |       |       |       |       ||     3
         Troll leather arm |     7 |       |       |       |       |       ||     7
         Ring mail         |       |    24 |    82 |    36 |       |       ||   142
         Plate armour      |       |       |       |   369 |   304 |       ||   673
         Chain mail        |       |       |       |       |    73 |    68 ||   141
         Storm dragon scal |       |       |       |       |       |     7 ||     7
  Dodge: Dodged            |    56 |    29 |   156 |   511 |   457 |   115 ||  1324
         Repelled          |       |     1 |     4 |    16 |     2 |    18 ||    41
  Block: Kite shield       |       |    24 |    83 |   494 |  1153 |   361 ||  2115
         Reflection        |       |       |       |       |    36 |    65 ||   101
         Other             |       |       |       |       |     2 |       ||     2
